Construct Section Command Post
Construct Platoon Command Post
Selects Indian Artillery Battlegroup
Unlock Bishop Self-propelled Artillery
Selects Gurkha Rifles Section
Bishop Self-propelled Artillery
Selects Artillery Saturation
6-pounder Anti-tank Gun Team
Selects Off-map Airburst Barrage
6-pounder Anti-tank Gun Team
Bishop Self-propelled Artillery
Construct Company Command Post
Selects Volunteer Infantry